 Dungeon Crawl Stone Soup version 0.30.1-11-g7821555f0a (webtiles) character file.

Game seed: 1744561036284458965

308 Cheops the Slasher (level 6, -5/48 HPs)
             Began as a Demonspawn Gladiator on Dec 1, 2023.
             Asphyxiated
             ... on level 4 of the Dungeon.
             The game lasted 00:05:59 (1604 turns).

Cheops the Slasher (Demonspawn Gladiator)           Turns: 1604, Time: 00:05:59

Health: -5/48      AC:  4    Str: 15    XL:     6   Next: 16%
Magic:  6/6        EV: 12    Int:  9    God:
Gold:   122        SH:  0    Dex: 16    Spells: 5/5 levels left

rFire   . . .        a - +0 long sword
rCold   . . .        (no shield)
rNeg    . . .        n - +0 leather armour
rPois   .            c - +0 helmet
rElec   .            (no cloak)
rCorr   .            (no gloves)
SInv    .            (no boots)
Will    .....        (no amulet)
Stlth   +            (no ring)
HPRegen 0.28/turn    (no ring)
MPRegen 0.10/turn

%: no passive effects
@: lethally poisoned (-5 -> -28), slowed, very slow
A: demonic magic 1, weakness stinger 1, demonic touch 2
a: no special abilities


You were on level 4 of the Dungeon.
You visited 1 branch of the dungeon, and saw 3 of its levels.

You collected 122 gold pieces.

Inventory:

Hand Weapons
 a - a +0 long sword (weapon)
 b - a +1 dagger of venom
Missiles
 d - 3 throwing nets (quivered)
 e - a javelin
Armour
 c - a +0 helmet (worn)
 n - a +0 leather armour (worn)
Scrolls
 g - a scroll of magic mapping {unknown}
 h - a scroll of brand weapon {unknown}
 i - a scroll of vulnerability {unknown}
 k - 3 scrolls of identify {unknown}
 o - a scroll of teleportation {unknown}
 p - a scroll of noise {unknown}
Potions
 f - 3 potions of attraction {unknown}
 l - a potion of degeneration {unknown}
 m - 2 potions of cancellation {unknown}
 q - 2 potions of mutation {unknown}


   Skills:
 + Level 4.0 Fighting
 * Level 5.4 Long Blades
 - Level 1.7 Throwing
 - Level 2.6 Dodging


You had 5 spell levels left.
You didn't know any spells.
Your spell library was empty.

Dungeon Overview and Level Annotations

Branches:
Dungeon (2/15)

Altars:


Innate Abilities, Weirdness & Mutations

Spells you cast may paralyse adjacent enemies.
You have a small tail.
Your touch may inflict irresistible damage on your foes.


Message History

A gnoll bouda and a gnoll come into view.
The gnoll bouda shouts!
The gnoll shouts! x2
The gnoll moves out of view.
You see here a quokka corpse.
The gnoll throws a silver boomerang.
The silver boomerang hits you. The silver sears you!
The gnoll bouda barks out a call to the hunt!
The gnolls pick up the pace!
The gnoll throws a silver boomerang.
The silver boomerang hits you! The silver sears you!
The gnoll throws a silver boomerang.
The silver boomerang closely misses you.
The gnoll bouda gazes fiercely through you!
You feel your attacks grow feeble.
The gnoll throws a silver boomerang.
The silver boomerang hits you. The silver sears you!
The gnoll throws a curare-tipped dart.
The curare-tipped dart hits you.
You are poisoned.
You have difficulty breathing.
* * * LOW HITPOINT WARNING * * *
You feel yourself slow down.
You feel very sick.
You feel very sick.
You feel very sick.
The gnoll is no longer moving quickly.
The gnoll throws a curare-tipped dart.
The curare-tipped dart hits you.
You are more poisoned.
You have difficulty breathing.
* * * LOW HITPOINT WARNING * * *
You feel as though you will be slow longer.
Your attacks no longer feel as feeble.
* * * LOW HITPOINT WARNING * * *
You feel very sick.
* * * LOW HITPOINT WARNING * * *
You feel sick.
The gnoll throws a curare-tipped dart.
The curare-tipped dart misses you.
The gnoll throws a curare-tipped dart.
The curare-tipped dart hits you.
You are more poisoned.
You have difficulty breathing.
You die...

#.#..#g##########
#.#..#.# #.####.#
#.# #.# #.# #g###
#.####..g######
#......#g...#.#
##########.#.#
#.@## #.#.#
#..#.# ### ##


You could see a gnoll bouda and 2 gnolls.

Vanquished Creatures
  Sigmund (D:2)
  2 hounds (D:4)
  3 adders
  2 worms (D:2)
  2 dart slugs (D:1)
  2 orcs (D:4)
  A bat (D:2)
  5 endoplasms
  A giant cockroach (D:4)
  6 goblins
  4 hobgoblins
  2 jackals (D:2)
  4 quokkas
  4 ball pythons
  4 frilled lizards
  5 kobolds
  7 rats
55 creatures vanquished.

Notes
Turn   | Place    | Note
-------+----------+-------------------------------------------
     0 | D:1      | Cheops the Demonspawn Gladiator began the quest for the
                  | Orb.
     0 | D:1      | Reached XP level 1. HP: 16/16 MP: 1/1
   121 | D:1      | Reached skill level 3 in Long Blades
   193 | D:1      | Gained mutation: Spells you cast may paralyse adjacent
                  | enemies. [demonic ancestry]
   193 | D:1      | Reached XP level 2. HP: 22/22 MP: 2/2
   678 | D:1      | Discovered your monstrous ancestry.
   678 | D:1      | Gained mutation: Your touch may inflict minor irresistible
                  | damage on your foes. [demonic ancestry]
   678 | D:1      | Reached XP level 3. HP: 22/28 MP: 3/3
   942 | D:2      | Noticed Sigmund
  1148 | D:2      | Reached skill level 4 in Long Blades
  1148 | D:2      | Gained mutation: Your touch may inflict irresistible damage
                  | on your foes. [demonic ancestry]
  1148 | D:2      | Reached XP level 4. HP: 7/34 MP: 4/4
  1390 | D:2      | Killed Sigmund
  1391 | D:2      | Reached skill level 5 in Long Blades
  1391 | D:2      | Gained mutation: You have a small tail. [demonic ancestry]
  1391 | D:2      | Reached XP level 5. HP: 33/42 MP: 5/5
  1489 | D:2      | You fall into a shaft and drop 2 floors!
  1527 | D:4      | Reached XP level 6. HP: 38/48 MP: 6/6
  1604 | D:4      | Asphyxiated

Illustrated notes

Levels and vault maps discovered:
D:1:      tarquinn_simple_flora_water_c, layout_basic, minmay_surrounded
D:2:      layout_basic, basic_ecumenical_altar, grunt_decor_junction,
          minmay_misc_feat_rows, uniq_sigmund
D:4:      layout_basic, marbit_many_paths, amcnicky_altar_gilded,
          minmay_temple_entry_glass, roderic_roman_lattice, hex_medium

Skill      XL: |  1  2  3  4  5  6 |
---------------+-------------------+-----
Long Blades    | 3 4 5 |  5.4
Fighting       | 3 4 |  4.0
Throwing       | |  1.7
Dodging        | |  2.6

Action                     |  1- 3 |  4- 6 || total
---------------------------+-------+-------++-------
  Melee: Long sword        |   107 |    32 ||   139
         Touch             |     5 |     6 ||    11
         Tailslap          |       |     3 ||     3
         Punch             |       |     1 ||     1
    Use: Potion            |       |     2 ||     2
 Armour: Leather armour    |    27 |     9 ||    36
  Dodge: Dodged            |    58 |    19 ||    77
